 Dungeon Crawl Stone Soup version 0.29-a0-330-g52719c12eb (webtiles) character file.

Game seed: 12282411462722812647

73 Ajdolov the Insei (level 4, -1/23 HPs)
             Began as a Vine Stalker Monk on May 10, 2022.
             Slain by a sky beast (4 damage)
             ... on level 3 of the Dungeon.
             The game lasted 00:02:46 (2281 turns).

Ajdolov the Insei (Vine Stalker Monk)               Turns: 2281, Time: 00:02:46

Health: -1/23      AC:  6    Str: 16    XL:     4   Next: 27%
Magic:  0/5        EV: 11    Int: 10    God:
Gold:   65         SH:  0    Dex: 16    Spells: 3/3 levels left

rFire   . . .      SeeInvis .     - Unarmed
rCold   . . .      Faith    .   (no shield)
rNeg    . . .      Spirit   +   l - +0 ring mail
rPois   .          Reflect  .   (no helmet)
rElec   .          Harm     .   (no cloak)
rCorr   +          Rampage  .   g - +0 pair of gloves
Will    .....                   (no boots)
Stlth   ++........              (no amulet)
HPRegen 0.87/turn               h - ring of resist corrosion
MPRegen 0.09/turn               (no ring)

@: no status effects
A: fangs 2, regeneration 1, magic shield, antimagic bite, no potion heal 2
a: no special abilities


You were on level 3 of the Dungeon.
You visited 1 branch of the dungeon, and saw 3 of its levels.

You collected 65 gold pieces.

Inventory:

Missiles
 e - 8 poisoned darts (quivered)
Armour
 g - a +0 pair of gloves (worn)
 l - a +0 ring mail (worn)
Jewellery
 h - a ring of resist corrosion (left hand)
Scrolls
 a - a scroll of holy word {unknown}
 c - 2 scrolls of identify
 d - 2 scrolls of amnesia
 i - a scroll of teleportation {unknown}
 j - a scroll of summoning {unknown}
 k - 2 scrolls of magic mapping {unknown}
 p - a scroll of enchant weapon {unknown}
Potions
 b - a potion of ambrosia
 f - a potion of might {unknown}
 m - a potion of heal wounds {unknown}
 n - a potion of brilliance {unknown}
 o - a potion of curing {unknown}


   Skills:
 - Level 2.6 Fighting
 - Level 2.4 Dodging
 + Level 3.7 Stealth
 * Level 4.4 Unarmed Combat


You had 3 spell levels left.
You didn't know any spells.
Your spell library was empty.

Dungeon Overview and Level Annotations

Branches:
Dungeon (3/15)

Altars:
Cheibriados
Sif Muna

Shops:
D:2 [


Innate Abilities, Weirdness & Mutations

You have extremely sharp teeth.
Your natural rate of healing is unusually fast.
When hurt, damage is shared between your health and your magic reserves.
Your bite disrupts and absorbs the magic of your enemies.
Potions cannot restore your health.


Message History

The sky beast is moderately wounded.
The sky beast hits you but does no damage.
You barely miss the sky beast. Your bite misses the sky beast.
The sky beast is moderately wounded.
The sky beast hits you but does no damage.
You hit the sky beast.
You bite the sky beast, but do no damage.
The sky beast is moderately wounded.
The sky beast hits you. The sky beast shocks you.
You closely miss the sky beast.
The sky beast is moderately wounded.
The sky beast flickers out of sight!
Deactivating autopickup; reactivate with Ctrl-A.
Something hits you but does no damage.
You miss something. You bite something. Something hits you but does no damage.
You miss something. Something hits you but does no damage. Something hits you.
Something shocks you.
* * * LOW HITPOINT WARNING * * *
You aren't carrying any items that you can evoke.
Unknown command.
You aren't carrying any items that you can evoke.
Something hits you but does no damage.
A quokka comes into view.
Something hits you but does no damage. Something hits you.
Something shocks you.
* * * LOW HITPOINT WARNING * * *
Something hits you but does no damage. Something hits you but does no damage.
A sky beast appears from thin air!
Reactivating autopickup.
The sky beast flickers out of sight!
Deactivating autopickup; reactivate with Ctrl-A.
As you read the scroll labelled KETEETR ACUSCH, it crumbles to dust.
It is a scroll of identify.
d - 2 scrolls of amnesia Something hits you.
Something shocks you.
* * * LOW HITPOINT WARNING * * *
You hit something. Your bite misses something. Something hits you.
* * * LOW HITPOINT WARNING * * *
Something shocks you.
You die...

#..................
##..>...._..........
#...†............... ...
#....##....#.#+###. ..
#....##....+.#.# .
#....##....#r#.# #.... #
#....##....#.#.# #(...##
#....##....#{#.# #....##
#####....##....#@#.########....##
.........).....................+.
..####..####.._..####..####....#.
...............................#.
#.###..Y+..........#.....####+#..
#...############............#
#.###...# #.......)...##
#.......######## #............#
#######......... .).............


You could see a quokka.

Vanquished Creatures
  2 adders
  A dart slug (D:1)
  4 ball pythons (D:1)
  4 endoplasms
  A giant cockroach (D:3)
  4 goblins
  5 hobgoblins
  10 jackals
  A quokka (D:1)
  6 bats
  4 frilled lizards
  5 kobolds
  3 rats (D:1)
50 creatures vanquished.

Notes
Turn   | Place    | Note
-------+----------+-------------------------------------------
     0 | D:1      | Ajdolov the Vine Stalker Monk began the quest for the Orb.
     0 | D:1      | Reached XP level 1. HP: 11/11 MP: 2/2
   147 | D:1      | Reached XP level 2. HP: 13/16 MP: 3/3
   704 | D:1      | Reached XP level 3. HP: 19/19 MP: 4/4
  1035 | D:2      | Found Nouhaso's Antique Armour Shoppe.
  1385 | D:2      | Reached skill level 4 in Unarmed Combat
  1606 | D:2      | Found a snail-covered altar of Cheibriados.
  2132 | D:3      | Gained mutation: Your natural rate of healing is unusually
                  | fast. [Vine Stalker growth]
  2132 | D:3      | Reached XP level 4. HP: 23/23 MP: 5/5
  2194 | D:3      | Found a shimmering blue altar of Sif Muna.
  2209 | D:3      | Found a snail-covered altar of Cheibriados.
  2238 | D:3      | Noticed a sky beast
  2281 | D:3      | Slain by a sky beast

Illustrated notes

Levels and vault maps discovered:
D:1:      dpeg_arrival_pits, layout_loops_ring
D:2:      layout_loops_ring, serial_shops, shop, basic_altar
D:3:      layout_basic, mainiacjoe_overflow_boulevard, cheibriados_altar_1,
          nemelex_diamond_rough_becter

Skill      XL: |  1  2  3 |
---------------+----------+-----
Stealth        | 3 |  3.7
Unarmed Combat | 4 |  4.4
Fighting       | |  2.6
Dodging        | |  2.4

Action                   |  1- 3 |  4- 6 || total
-------------------------+-------+-------++-------
Melee: Unarmed           |   112 |    31 ||   143
       Bite              |    15 |     6 ||    21
       Punch             |     3 |       ||     3
  Use: Scroll            |       |     1 ||     1
 Stab: Sleeping          |     9 |       ||     9
Armor: Robe              |    12 |       ||    12
       Ring mail         |     4 |    19 ||    23
Dodge: Dodged            |    62 |    14 ||    76

Table legend: (Time is in decaauts)
 A = Elapsed time spent in this place.
 B = Non-inter-level travel time spent in this place.
 C = Inter-level travel time spent in this place.
 D = Time resting spent in this place.
 E = Time spent auto-exploring this place.
 F = Levels seen in this place.
 G = Mean time per level.
                   A        B        C        D        E       F      G
               +--------+--------+--------+--------+--------+-----+--------+
         Total |   2268 |   2235 |     33 |      0 |   1808 |   3 |  756.0 |
       Dungeon |   2268 |   2235 |     33 |      0 |   1808 |   3 |  756.0 |
               +--------+--------+--------+--------+--------+-----+--------+

Top non-repeatable levels by time:
     D:1: 1027 daAuts
     D:2: 957 daAuts
     D:3: 284 daAuts
